 Dungeon Crawl Stone Soup version 0.25-a0-690-g234afa57d4 (webtiles) character file.

Game seed: 14502778051767337911, levelgen mode: deterministic

1312 magipi the Chucker (level 8, 0/65 (66) HPs)
             Began as a Demigod Hunter on Mar 30, 2020.
             Slain by an orc warrior
             ... wielding a +0 short sword
              (10 damage)
             ... on level 8 of the Dungeon.
             The game lasted 00:17:33 (6887 turns).

magipi the Chucker (Demigod Hunter)                 Turns: 6887, Time: 00:17:34

HP:   0/65 (66)     AC: 10    Str: 19    XL:     8   Next: 10%
MP:   13/13         EV:  9    Int: 15    God:
Gold: 148           SH:  0    Dex: 16    Spells: 7/7 levels left

rFire    . . .     SeeInvis .   a - +3 trident
rCold    . . .     Gourm    .   (no shield)
rNeg     . . .     Faith    .   b - +1 chain mail
rPois    .         Spirit   .   (no helmet)
rElec    .         Reflect  .   (no cloak)
rCorr    .         Harm     .   (no gloves)
MR       +....                  (no boots)
Stlth    ..........             h - amulet of rage
HPRegen  0.20/turn              m - ring of protection from magic
MPRegen  0.13/turn              (no ring)

@: no status effects
A: high mp 1
a: Evoke Berserk Rage


You were on level 8 of the Dungeon.
You were not hungry.

You visited 1 branch of the dungeon, and saw 7 of its levels.
You also visited: Ossuary.

You collected 148 gold pieces.

Inventory:

Hand Weapons
 a - a +3 trident (weapon)
   (You took it off an orc on level 4 of the Dungeon)
 g - a +0 war axe
   (You found it on level 4 of the Dungeon)
 p - a +0 short sword
 v - a cursed -2 flail
   (You found it on level 3 of the Dungeon)
Missiles
 c - 11 javelins (quivered)
 d - 2 throwing nets
Armour
 b - a +1 chain mail (worn)
   (You found it on level 4 of the Dungeon)
 j - a +0 cloak
   (You found it on level 8 of the Dungeon)
Magical Staves
 k - an uncursed staff of wizardry {unknown}
   (You found it on level 3 of the Dungeon)
Jewellery
 h - an amulet of rage (around neck)
   (You took it off a goblin on level 1 of the Dungeon)
 m - a ring of protection from magic (left hand)
   (You took it off a hobgoblin on level 1 of the Dungeon)
 q - a +5 amulet of reflection {unknown}
   (You found it on level 5 of the Dungeon)
Wands
 f - a wand of flame (9)
   (You took it off an orc on level 4 of the Dungeon)
Scrolls
 e - 3 scrolls of teleportation
 l - a scroll of fog
 o - a scroll of vulnerability {unknown}
 r - 2 scrolls of remove curse
 y - a scroll of amnesia {unknown}
Potions
 i - a potion of magic
 s - a potion of heal wounds
 t - a potion of haste
 u - 2 potions of stabbing
 w - 7 potions of curing
 z - a potion of lignification
Comestibles
 x - 5 rations


   Skills:
 + Level 4.2 Fighting
 + Level 2.4 Polearms
 + Level 6.0 Throwing
 + Level 2.8 Armour
 + Level 4.2 Dodging
 - Level 0.8 Stealth
 + Level 3.5 Evocations


You had 7 spell levels left.
You didn't know any spells.
Your spell library contained the following spells:

 Spells                   Type           Power        Failure   Level  Hunger
 Animate Skeleton         Necr           N/A          97%         1    ##.....


Dungeon Overview and Level Annotations

Branches:
Dungeon (6/15)             Temple (0/1) D:4         Ossuary (visited)

Annotations:
D:3 Terence


Innate Abilities, Weirdness & Mutations

You have an increased reservoir of magic. (+10% MP)


Message History

There is an open door here.
Found 18 stones.
x - 5 rations (gained 1)
There is an open door here.
A yak comes into view.
The yak bellows!
You hear a bellow!
A yak comes into view.
A yak comes into view.
Found a ring mail.
There is an open door here.
Unknown command.
You close the door.
There is an open door here.
You close the door.
There is an open door here. 2 orcs and an orc warrior come into view.
The orc warrior shouts!
The orc shouts! x2
Found a stone staircase leading down.
Unknown command.
You hit the orc.
The orc is heavily wounded.
The orc hits you but does no damage.
You completely miss the orc.
The orc is heavily wounded.
The orc closely misses you.
You puncture the orc!
You kill the orc!
Your chain mail prevents you from hitting the orc warrior.
The orc warrior hits you with a +0 short sword.
You hit the orc warrior.
The orc warrior is lightly wounded.
The orc warrior hits you with a +0 short sword.
You barely miss the orc warrior.
The orc warrior is lightly wounded.
The orc warrior hits you with a +0 short sword.
You completely miss the orc warrior.
The orc warrior is lightly wounded.
The orc warrior barely misses you.
The orc warrior hits you but does no damage.
You hit the orc warrior.
The orc warrior is lightly wounded.
The orc warrior hits you but does no damage.
You barely miss the orc warrior.
The orc warrior is lightly wounded.
The orc warrior hits you but does no damage.
You closely miss the orc warrior.
The orc warrior is lightly wounded.
The orc warrior hits you with a +0 short sword!
You barely miss the orc warrior.
The orc warrior is lightly wounded.
The orc warrior hits you but does no damage.
You puncture the orc warrior!
The orc warrior is heavily wounded.
The orc warrior hits you with a +0 short sword.
The orc warrior barely misses you.
You hit the orc warrior but do no damage.
The orc warrior is heavily wounded.
The orc warrior hits you with a +0 short sword.
You closely miss the orc warrior.
The orc warrior is heavily wounded.
The orc warrior hits you with a +0 short sword!
You are too injured to fight recklessly!
You hit the orc warrior.
The orc warrior is severely wounded.
The orc warrior barely misses you.
Unknown command.
You hit the orc warrior but do no damage.
The orc warrior is severely wounded.
The orc warrior barely misses you.
Unknown command.
Evoke which item? (* to show all) (? for menu, Esc to quit)
Okay, then.
Unknown command.
Evoke which item? (* to show all) (? for menu, Esc to quit)
Aiming: Throw Flame
Press: ? - help, Shift-Dir - straight line, f - orc warrior
Aim: an orc warrior, wielding a +0 short sword and wearing a +0 chain mail (severely wounded)
The puff of flame hits the orc warrior!
The orc warrior is almost dead.
The orc warrior hits you with a +0 short sword!
* * * LOW HITPOINT WARNING * * *
Unknown command.
There is an open door here.
You open the door.
The orc warrior hits you with a +0 short sword!
* * * LOW HITPOINT WARNING * * *
There is an open door here.
You see here 23 stones.
Things that are here:
a +0 shortbow; 29 arrows; a centaur skeleton You see here a black bear skeleton.
Throwing (i - inventory. (/) - cycle)
c - 12 javelins (quivered)
Press: ? - help, Shift-Dir - straight line, f/p - orc warrior
Aim: an orc warrior, wielding a +0 short sword and wearing a +0 chain mail (almost dead)
You throw a javelin.
The javelin pierces through the orc warrior but does no damage.
The orc warrior is almost dead.
The javelin closely misses the orc.
The orc warrior hits you with a +0 short sword!
You die...

.....Y. # [...... ######
....... #....# #/..
.......######....# +....
.......+....'....+ #....
.......######....# #....
....... #....#
#..##################....#
#.......(@oo..รท)(...'.....
###...###########...#.....
#...# #...#.[..# #...#
#...#..... . #...#
#..(#..... ..#### #...#
#...#..... ......##...#
#...#..... ..........#
#...#..... ####......#
#.....


You could see an orc warrior and an orc.

Vanquished Creatures
  An ice beast (D:5)
  A black bear (D:8)
  A sky beast (D:8)
  A necrophage (D:8)
  A centaur (D:8)
  3 ogres
  2 water moccasin zombies (Ossuary)
  A scorpion (D:4)
  A crimson imp (D:5)
  An orc priest (D:4)
  A bullfrog skeleton (D:4)
  An iguana (D:5)
  A worker ant (D:4)
  2 orc wizards (D:4)
  4 big kobold zombies (Ossuary)
  2 mummies (Ossuary)
  A worker ant zombie (D:6)
  2 adders (D:4)
  A howler monkey skeleton (D:4)
  A shadow imp (D:3)
  An ooze (D:5)
  An adder skeleton (D:8)
  4 adder zombies (Ossuary)
  4 worms
  A dart slug (D:2)
  3 leopard geckos
  11 orcs
  2 bats
  5 giant cockroaches
  4 goblins
  7 hobgoblins
  7 jackals
  2 quokkas
  4 frilled lizards (D:2)
  A giant cockroach zombie (D:5)
  5 gnoll zombies (Ossuary)
  9 hobgoblin zombies (Ossuary)
  5 kobolds
  5 kobold zombies (Ossuary)
  3 orc zombies (Ossuary)
  6 rats
119 creatures vanquished.

Notes
Turn   | Place    | Note
-------+----------+-------------------------------------------
     0 | D:1      | magipi the Demigod Hunter began the quest for the Orb.
     0 | D:1      | Reached XP level 1. HP: 17/17 MP: 3/3
   494 | D:1      | Reached XP level 2. HP: 24/24 MP: 4/4
   728 | D:1      | Reached skill level 4 in Throwing
  1525 | D:2      | Reached XP level 3. HP: 25/29 MP: 5/5
  1931 | D:2      | Found a radiant altar of Vehumet,
  1935 | D:2      | Found an ancient bone altar of Kikubaaqudgha,
  1942 | D:2      | Found a shimmering blue altar of Sif Muna,
  1947 | D:2      | Identified Kikubaaqudgha's Compendium of Sinister Secrets
  2251 | D:3      | Noticed Terence
  2407 | D:3      | Reached skill level 1 in Evocations
  3612 | D:4      | Reached XP level 4. HP: 37/37 MP: 7/7
  3617 | D:4      | Identified the cursed +2 hunting sling of the Jolly Songs
                  | {vorpal, rN+} (You found it on level 4 of the Dungeon)
  3744 | D:4      | Reached XP level 5. HP: 36/42 MP: 8/8
  3894 | D:4      | HP: 1/44 [orc/puff of flame (9)]
  4217 | D:4      | Noticed an ogre
  4241 | D:4      | Killed an ogre
  4241 | D:4      | Reached skill level 5 in Throwing
  4520 | D:4      | Found a staircase to the Ecumenical Temple,
  4754 | D:4      | Reached XP level 6. HP: 51/51 MP: 10/10
  4855 | D:4      | Reached skill level 1 in Armour
  4940 | D:5      | Entered Level 5 of the Dungeon
  4959 | D:5      | Found a sparkling altar of Nemelex Xobeh,
  5059 | D:5      | Reached skill level 1 in Polearms
  5264 | D:5      | Found an ornate altar of the Wu Jian Council,
  5437 | D:5      | Reached XP level 7. HP: 48/57 MP: 11/11
  5539 | D:5      | Found a bloodstained altar of Trog,
  5541 | D:5      | Found a glowing silver altar of Zin,
  5899 | D:6      | Found a sand-covered staircase,
  5914 | Ossuary  | Entered an ossuary
  6320 | D:6      | You fall into a shaft and drop 2 floors!
  6560 | D:8      | Reached XP level 8. HP: 41/65 MP: 13/13
  6570 | D:8      | Reached skill level 6 in Throwing
  6887 | D:8      | Slain by an orc warrior

Levels and vault maps discovered:
D:1:      kilobyte_arrival_exit_the_forest, layout_rooms
D:2:      layout_basic, grunt_temple_overflow_magic_moments,
          chequers_serial_rivers_small_a
D:3:      wander_river, layout_loops_ring, uniq_terence
D:4:      layout_loops_cross, minmay_temple_entry_arrows, first_ration
D:5:      layout_loops_corners, grunt_temple_overflow_open,
          nemelex_xobeh_ov_fountains_minmay, nicolae_overflow_crystal_walls,
          st_stairs_14
D:6:      kennysheep_windowed_halls, layout_basic,
          lemuel_coloured_pillars_altar, lightli_ossuary_entry_decrepit_ruins,
          minmay_stone_trees_medium, uniq_maggie
D:8:      layout_basic, gammafunk_temple_overflow_statue

Skill      XL: |  1  2  3  4  5  6  7  8 |
---------------+-------------------------+-----
Fighting       | 2 3 4 |  4.2
Dodging        | 2 3 4 |  4.2
Throwing       | 4 5 6 |  6.0
Evocations     | 1 2 3 |  3.5
Armour         | 1 2 |  2.8
Polearms       | 1 2 |  2.4
Stealth        | |  0.8

Action                   |  1- 3 |  4- 6 |  7- 9 || total
-------------------------+-------+-------+-------++-------
Melee: Short sword       |   195 |    67 |       ||   262
       Trident           |       |    62 |   213 ||   275
Throw: Javelin           |     9 |    24 |     1 ||    34
       Throwing net      |       |     1 |       ||     1
Evoke: Wand              |       |       |     1 ||     1
  Use: Scroll            |     5 |     6 |     6 ||    17
       Potion            |     1 |     3 |       ||     4
  Eat: Chunk             |     5 |     5 |       ||    10
       Ration            |     1 |       |     2 ||     3
Armor: Leather armour    |     8 |       |       ||     8
       Ring mail         |    32 |    26 |       ||    58
       Chain mail        |       |    24 |    90 ||   114
Dodge: Dodged            |   132 |    63 |    69 ||   264

Table legend:
 A = Non-vault XP
 B = Vault XP
 C = Vault XP percentage of total XP
 D = Non-vault monster count
 E = Vault monster count
 F = Vault count percentage of total count
                 A         B        C        D         E       F
            +---------+---------+-------+---------+---------+-------
      Total |    1504 |     371 |  19.8 |      84 |      35 |  29.4
            +---------+---------+-------+---------+---------+-------
        D:1 |      38 |       0 |   0.0 |      21 |       0 |   0.0
        D:2 |      38 |       0 |   0.0 |      17 |       0 |   0.0
        D:3 |      25 |       0 |   0.0 |       6 |       0 |   0.0
        D:4 |     452 |       0 |   0.0 |      24 |       0 |   0.0
        D:5 |     433 |      36 |   7.7 |       8 |       1 |  11.1
        D:6 |      19 |       0 |   0.0 |       2 |       0 |   0.0
        D:8 |     499 |       0 |   0.0 |       6 |       0 |   0.0
    Ossuary |       0 |     335 | 100.0 |       0 |      34 | 100.0
            +---------+---------+-------+---------+---------+-------

Action                   |  1- 3 |  4- 6 |  7- 9 || total
-------------------------+-------+-------+-------++-------
Melee: Short sword       |   195 |    67 |       ||   262
       Trident           |       |    62 |   213 ||   275
Throw: Javelin           |     9 |    24 |     1 ||    34
       Throwing net      |       |     1 |       ||     1
Evoke: Wand              |       |       |     1 ||     1
  Use: Scroll            |     5 |     6 |     6 ||    17
       Potion            |     1 |     3 |       ||     4
  Eat: Chunk             |     5 |     5 |       ||    10
       Ration            |     1 |       |     2 ||     3
Armor: Leather armour    |     8 |       |       ||     8
       Ring mail         |    32 |    26 |       ||    58
       Chain mail        |       |    24 |    90 ||   114
Dodge: Dodged            |   132 |    63 |    69 ||   264
